 Dungeon Crawl Stone Soup version 0.17-a0-877-ga10078a (webtiles) character file.

89 inmateoo the Chiller (level 4, -10/24 HPs)
             Began as a Kobold Ice Elementalist on Apr 30, 2015.
             Killed by an exploding giant spore (34 damage)
             ... on level 3 of the Dungeon.
             The game lasted 00:05:25 (2606 turns).

inmateoo the Chiller (Kobold Ice Elementalist)      Turns: 2606, Time: 00:05:25

Health: -10/24     AC:  2    Str:  6    XL:     4   Next: 84%
Magic:  7/7        EV: 16    Int: 14    God:
Gold:   137        SH:  0    Dex: 16    Spells: 3 memorised, 1 level left

rFire  . . .     SeeInvis .     k - +2 dagger (venom)
rCold  . . .     Clarity  .     a - +0 robe
rNeg   . . .     SustAb   .     (shield restricted)
rPois  .         Gourm    .     (no helmet)
rElec  .         Spirit   .     (no cloak)
rCorr  .         Warding  .     (no gloves)
rMut   .         Stasis   .     (no boots)
MR     .....                    (no amulet)
Stlth  +.........               (no ring)
                                (no ring)

@: confused, not resistant to hostile enchantments, very unstealthy
A: carnivore 3
a: no special abilities


You were on level 3 of the Dungeon.
You were not hungry.

You visited 1 branch of the dungeon, and saw 3 of its levels.

You collected 137 gold pieces.

Inventory:

Hand weapons
 k - a +2 dagger of venom (weapon)
 r - a +0 dagger of holy wrath
Armour
 a - a +0 robe (worn)
Magical devices
 q - a wand of random effects (41)
Scrolls
 d - 3 scrolls of remove curse
 f - a scroll of recharging
 g - 2 scrolls of identify
 h - a scroll of amnesia
 m - a scroll of teleportation
Potions
 e - 2 potions of ambrosia
 n - a potion of beneficial mutation
Books
 b - a book of Frost

   Spells                             Type                      Level
   a - Freeze                         Ice                          1
   b - Throw Frost                    Conjuration/Ice              2
   c - Ozocubu's Armour               Charms/Ice                   3
   d - Throw Icicle                   Conjuration/Ice              4
   e - Summon Ice Beast               Ice/Summoning                4
   f - Condensation Shield            Ice                          4
Comestibles
 c - 3 meat rations
 i - 3 beef jerkies
 l - 2 slices of pizza
 p - a chunk of flesh


   Skills:
 * Level 2.2 Short Blades
 + Level 3.2 Dodging
 + Level 3.4 Stealth
 + Level 2.4 Spellcasting
 - Level 0.8 Conjurations
 * Level 3.8 Ice Magic


You had one spell level left.
You knew the following spells:

 Your Spells              Type           Power        Failure   Level  Hunger
a - Freeze                Ice            ##..         6%          1    #......
b - Throw Frost           Conj/Ice       #.....       17%         2    ###....
c - Ozocubu's Armour      Chrm/Ice       #.......     30%         3    ###....


Dungeon Overview and Level Annotations

Branches:
Dungeon (3/15)

Altars:
Dithmenos
Sif Muna
Yredelemnul


Innate Abilities, Weirdness & Mutations

You are small and have problems with some larger weapons.
You are carnivorous and can eat meat at any time.


Message History

You see here a goblin corpse.
You butcher the goblin corpse.
p - 2 chunks of flesh (gained 1) Unknown command.
You start resting.
HP restored.
Some of the chunks of flesh in your inventory have rotted away.
Things that are here:
a leather armour; an orc corpse A giant spore comes into view.
The giant spore waves its rhizomes.
The giant spore moves out of view.
Found a scroll labeled KINOVI QOCITAR.
The giant spore is too close now for your liking.
A giant spore is nearby!
The giant spore explodes!
The explosion of spores engulfs you!
You are confused.
Ouch! That really hurt!
You die...

#.....)... #.........
#......... ##########.........
####### #......(...........
#.....# ##.......[..........
#.....######...................
#.........##...##..............
#.....###.#8..@8#..............
#.........##...##########......
#..).....[##...#*⌠**#8**#.....#
######†...##....,,,....##....#.
#....#8....,,,....8#...#..
#....##.....,,....##......
#....###8###8*#...##.##...
#....####* ####...##.###.#
#.....# ##.#8...8#.# #.#


There were no monsters in sight!

Vanquished Creatures
  2 adders (D:2)
  A worm (D:3)
  2 giant geckos
  7 orcs
  A ball python (D:2)
  3 bats
  2 giant cockroaches (D:3)
  7 hobgoblins
  10 kobolds
  A quokka (D:2)
  2 giant newts
  9 goblins
  3 jackals (D:1)
  4 rats
54 creatures vanquished.

Notes
Turn   | Place    | Note
--------------------------------------------------------------
     0 | D:1      | inmateoo, the Kobold Ice Elementalist, began the quest for the Orb.
     0 | D:1      | Reached XP level 1. HP: 10/10 MP: 3/3
   495 | D:1      | Reached XP level 2. HP: 6/15 MP: 1/5
   823 | D:1      | Reached XP level 3. HP: 12/19 MP: 2/6
   829 | D:1      | Learned a level 2 spell: Throw Frost
  1123 | D:2      | Reached skill level 1 in Short Blades
  1780 | D:2      | Reached XP level 4. HP: 24/24 MP: 3/7
  2128 | D:2      | Learned a level 3 spell: Ozocubu's Armour
  2187 | D:3      | Found a basalt altar of Yredelemnul.
  2195 | D:3      | Found a deep blue altar of Sif Muna.
  2199 | D:3      | Found a shadowy altar of Dithmenos.
  2606 | D:3      | Killed by an exploding giant spore

Action                   |  1- 3 |  4- 6 || total
-------------------------+-------+-------++-------
Melee: Dagger            |    40 |    47 ||    87
 Cast: Freeze            |    31 |    14 ||    45
       Throw Frost       |     2 |     1 ||     3
  Use: Scroll            |     1 |     8 ||     9
       Potion            |     1 |       ||     1
 Stab: Sleeping          |     1 |     2 ||     3
  Eat: Chunk             |     3 |     3 ||     6
